 Dungeon Crawl Stone Soup version 0.30-b1-2-g02819fbbbe (webtiles) character file.

Game seed: 144560078771193580

3958 Borgoz the Fighter (level 10, -1/91 HPs)
             Began as a Minotaur Berserker on June 16, 2023.
             Was an Elder of Trog.
             Slain by a killer bee (3 damage)
             ... on level 8 of the Dungeon on June 17, 2023.
             The game lasted 00:13:17 (7929 turns).

Borgoz the Fighter (Minotaur Berserker)             Turns: 7929, Time: 00:13:18

Health: -1/91      AC:  9    Str: 23    XL:     10   Next: 2%
Magic:  9/9        EV: 15    Int:  7    God:    Trog [****..]
Gold:   378        SH:  0    Dex: 19    Spells: 9/9 levels left

rFire   + . .        a - +1 falchion
rCold   . . .        (no shield)
rNeg    . . .        k - +0 scale mail {Will+}
rPois   .            q - +0 hat {Int+3}
rElec   .            (no cloak)
rCorr   .            i - +0 pair of gloves
SInv    .            (no boots)
Will    +....        (no amulet)
Stlth   +            m - ring of protection from fire
HPRegen 0.35/turn    j - +6 ring of dexterity
MPRegen 0.11/turn

%: no passive effects
@: on berserk cooldown, studying Dodging
A: horns 2, retaliatory headbutt
a: Renounce Religion, Berserk, Trog's Hand, Brothers in Arms


You were on level 8 of the Dungeon.
You worshipped Trog.
Trog was greatly pleased with you.
You visited 2 branches of the dungeon, and saw 9 of its levels.

You collected 378 gold pieces.

Inventory:

Hand Weapons
 a - a +1 falchion (weapon)
Armour
 d - the scarf "Disycul" {repulsion, rF- rN+++ Dex+4}
   (You found it on level 4 of the Dungeon)

   Dex:       It affects your dexterity (+4).
   rF:        It makes you vulnerable to fire.
   rN:        It renders you almost immune to negative energy.
 i - a +0 pair of gloves (worn)
 k - a +0 scale mail of willpower (worn)
 q - a +0 hat of intelligence (worn)
Jewellery
 j - a +6 ring of dexterity (right hand)
 m - a ring of protection from fire (left hand)
Wands
 l - a wand of light (4)
 o - a wand of digging (6)
 p - a wand of charming (1)
 r - a wand of roots (7)
Scrolls
 b - a scroll of brand weapon
 e - 2 scrolls of poison
 u - a scroll of teleportation
Potions
 f - 2 potions of brilliance
 g - 3 potions of attraction
 h - a potion of resistance
 n - a potion of mutation


   Skills:
 * Level 9.2 Fighting
 * Level 9.2 Long Blades
 * Level 8.8 Armour
 * Level 9.1 Dodging
 - Level 3.0 Stealth


You had 9 spell levels left.
You didn't know any spells.
Your spell library was empty.

Dungeon Overview and Level Annotations

Branches:
Dungeon (8/15)             Temple (1/1) D:6
   Lair: D:8-11

Altars:
Ashenzari
Cheibriados
Dithmenos
Fedhas
Gozag
Hepliaklqana
Kikubaaqudgha
Makhleb
Nemelex Xobeh
Qazlal
Ru
Sif Muna
Trog
Uskayaw
Vehumet
Xom
Yredelemnul
Zin
The Shining One

Shops:
D:1 ((   D:2 (


Innate Abilities, Weirdness & Mutations

You have a pair of horns on your head.
You reflexively headbutt those who attack you in melee.


Message History

You are too injured to fight recklessly!
You're still recovering from your berserk rage.
You hit the killer bee but do no damage.
The killer bee is heavily wounded.
The killer bee stings you!
* * * LOW HITPOINT WARNING * * *
The killer bee stings you.
* * * LOW HITPOINT WARNING * * *
The killer bee buzzes angrily.
You hit the killer bee but do no damage.
Your headbutt misses the killer bee.
The killer bee is heavily wounded.
The killer bee stings you but does no damage.
Okay, then.
You barely miss the killer bee.
The killer bee is heavily wounded.
The killer bee misses you. The killer bee stings you.
* * * LOW HITPOINT WARNING * * *
The killer bee stings you but does no damage.
The killer bee closely misses you. You furiously retaliate!
You headbutt the killer bee. You miss the killer bee.
The killer bee is heavily wounded.
The killer bee barely misses you. You furiously retaliate!
You headbutt the killer bee!
You kill the killer bee!
Trog accepts your kill. The killer bee completely misses you.
The killer bee attacks as you move away!
The killer bee closely misses you. You furiously retaliate!
You headbutt the killer bee.
The killer bee attacks as you move away!
The killer bee stings you but does no damage.
The killer bee attacks as you move away!
The killer bee misses you. You furiously retaliate!
You headbutt the killer bee. The killer bee stings you.
* * * LOW HITPOINT WARNING * * *
The killer bee closely misses you. You furiously retaliate!
You headbutt the killer bee. The killer bee stings you.
You die...

**,,..y.,**
*,,,......*
*,,.......*
*,........#
****.........#####
*,,..............#
,,,...........†..#
***#...........yy#
#* #...........y@#
.**#.............#
.,,..............#
.***#............#
.####.......#.(..#
.#..<.#######....#
...#...# ######
.))....# .))†...#


You could see 3 killer bees.

Vanquished Creatures
  A gargoyle (D:8)
  The ghost of CommanderKeen the Stinger, an amateur FoVM (D:3)
  2 water moccasins
  3 orc warriors
  4 ogres
  3 black bears
  An ice beast (D:6)
  A sky beast (D:6)
  2 phantoms (D:5)
  A kobold brigand (D:6)
  5 bullfrogs
  A gnoll sergeant (D:5)
  2 scorpions
  4 killer bees
  A vampire bat (D:4)
  A centaur zombie (D:3)
  2 jellies
  6 hounds
  2 gnoll boudas
  A centaur skeleton (D:3)
  2 bullfrog skeletons (D:3)
  3 orc priests
  Jessica (D:3)
  A sleepcap (D:7)
  3 iguanas
  9 orc wizards
  A howler monkey zombie (D:3)
  16 gnolls
  11 adders
  2 shadow imps
  A white imp (D:6)
  3 adder skeletons (D:3)
  3 worms
  A dart slug (D:2)
  3 fire bats (D:4)
  26 orcs
  2 spectral bats (D:4)
  12 bats
  3 bat skeletons (D:4)
  A bat zombie (D:4)
  5 endoplasms
  4 giant cockroaches
  3 goblins
  5 hobgoblins
  4 jackals (D:1)
  3 kobolds
  3 quokkas
  3 ball pythons
  A bat simulacrum (D:4)
  5 frilled lizards
  2 quokka skeletons (D:3)
  7 rats
193 creatures vanquished.

Vanquished Creatures (others)
  A black bear (D:6)
  An ogre (D:6)
  A scorpion (D:6)
3 creatures vanquished.

Grand Total: 196 creatures vanquished

Notes
Turn   | Place    | Note
-------+----------+-------------------------------------------
     0 | D:1      | Borgoz the Minotaur Berserker began the quest for the Orb.
     0 | D:1      | Reached XP level 1. HP: 19/19 MP: 0/0
    78 | D:1      | Found Pisaynai's Antique Weapon Boutique.
   164 | D:1      | Reached XP level 2. HP: 25/27 MP: 1/1
   250 | D:1      | Found Fienkuv's Weapon Shop.
   869 | D:2      | Found Quaw's Antique Weapon Emporium.
   914 | D:2      | Reached XP level 3. HP: 33/33 MP: 2/2
   935 | D:2      | Reached ** piety under Trog
   968 | D:2      | You fall into a shaft and drop 2 floors!
  1067 | D:3      | Reached XP level 4. HP: 22/40 MP: 3/3
  1268 | D:3      | Noticed Jessica
  1274 | D:3      | Killed Jessica
  1275 | D:3      | Reached skill level 1 in Stealth
  2114 | D:3      | Found a runed translucent gate.
  2124 | D:3      | Found a runed translucent gate.
  2124 | D:3      | Found a runed translucent gate.
  2160 | D:3      | Found a faded altar of an unknown god.
  2231 | D:3      | Reached XP level 5. HP: 47/47 MP: 4/4
  2278 | D:3      | Noticed CommanderKeen's ghost (amateur FoVM)
  2337 | D:3      | Found a hazy altar of Hepliaklqana.
  2411 | D:3      | Killed CommanderKeen's ghost
  2412 | D:3      | Reached skill level 5 in Fighting
  2412 | D:3      | Reached skill level 5 in Long Blades
  2412 | D:3      | Reached XP level 6. HP: 7/56 MP: 5/5
  2420 | D:3      | HP: 2/56 [bullfrog skeleton (1)]
  3062 | D:4      | Identified the scarf "Disycul" {repulsion, rF- rN+++ Dex+4}
  3246 | D:4      | Reached XP level 7. HP: 61/61 MP: 6/6
  3443 | D:4      | Reached skill level 5 in Armour
  3959 | D:4      | Reached *** piety under Trog
  4135 | D:5      | Entered Level 5 of the Dungeon
  4187 | D:5      | Reached skill level 5 in Dodging
  4224 | D:5      | Reached XP level 8. HP: 68/71 MP: 7/7
  4352 | D:5      | Found a basalt altar of Yredelemnul.
  5069 | D:6      | Found a shimmering altar of Xom.
  5102 | D:6      | HP: 2/73 [iguana (10)]
  5110 | D:6      | HP: 2/73 [iguana (8)]
  5171 | D:6      | Reached XP level 9. HP: 19/80 MP: 8/8
  5537 | D:6      | Reached **** piety under Trog
  5593 | D:6      | Identified a scroll of acquirement
  5593 | D:6      | Acquired a manual of Dodging
  5620 | D:6      | Found a staircase to the Ecumenical Temple.
  5634 | Temple   | Entered the Ecumenical Temple
  7860 | D:8      | Noticed a gargoyle
  7873 | D:8      | Killed a gargoyle
  7897 | D:8      | Reached XP level 10. HP: 12/91 MP: 9/9
  7898 | D:8      | HP: 4/91 [orc/+0 heavy trident (4)]
  7929 | D:8      | HP: 2/91 [killer bee (5)]
  7929 | D:8      | Slain by a killer bee

Illustrated notes

Levels and vault maps discovered:
D:1:      noname_arrival_rooms_in_the_neighbourhood, layout_loops_ring,
          serial_shops, shop_fountains, nicolae_shop_tiny_waterfront,
          minmay_pentomino_v4
D:2:      minmay_chambers_of_ones, layout_loops_ring, serial_shops,
          nicolae_shop_peninsula
D:3:      layout_rooms, lemuel_coloured_pillars_altar,
          gammafunk_ghost_necromancy, serial_undead, serial_undead_b,
          serial_undead_e, serial_undead_f, serial_undead_a, serial_undead_f,
          serial_undead_a, shapermc_ecumenical_altar_pompeii, uniq_jessica
D:4:      layout_loops_ring, chequers_serial_rivers_large_b, goddamned_bats
D:5:      layout_cave_pools, mainiacjoe_overflow_cross_hatched, st_stairs_10,
          minmay_misc_feat_plants, minmay_misc_feat_more_columns,
          chequers_serial_rivers_large_a, chequers_arboretum, minmay_hedge_maze
D:6:      layout_layer_cave, xom_confusion_cloud, minmay_temple_entry_slanted,
          minmay_bent
D:7:      layout_basic
D:8:      cheibrodos_barr_body, layout_rooms, enter_bailey_2
Temple:   minmay_temple_bridge_d

Skill      XL: |  1  2  3  4  5  6  7  8  9 |
---------------+----------------------------+-----
Fighting       | 4 5 6 7 9 |  9.2
Long Blades    | 4 5 6 7 9 |  9.2
Armour         | 3 4 5 7 8 |  8.8
Dodging        | 3 4 5 6 9 |  9.1
Stealth        | 1 2 3 |  3.0

Action                     |  1- 3 |  4- 6 |  7- 9 | 10-12 || total
---------------------------+-------+-------+-------+-------++-------
  Melee: Falchion          |    85 |   115 |   347 |     7 ||   554
         Headbutt          |    11 |    29 |    86 |       ||   126
         Punch             |       |     1 |     6 |       ||     7
 Invoke: Berserk           |     1 |     2 |     7 |       ||    10
         Trog's Hand       |       |       |     5 |       ||     5
    Use: Scroll            |     7 |     5 |     5 |     3 ||    20
         Potion            |       |     3 |     2 |       ||     5
   Stab: Sleeping          |     1 |       |     1 |       ||     2
 Armour: Animal skin       |     6 |       |       |       ||     6
         Scale mail        |    25 |    90 |   138 |     7 ||   260
  Dodge: Dodged            |    58 |   102 |   270 |     9 ||   439
